 Dungeon Crawl Stone Soup version 0.14.0-9-g9c5475a (webtiles) character file.

122 Qrupt the Fey Demonspawn (level 3, 0/27 HPs)
             Began as a Demonspawn Death Knight on Apr 14, 2014.
             Was a Believer of Yredelemnul.
             Slain by a phantom (7 damage)
             ... on Level 3 of the Dungeon.
             The game lasted 00:05:25 (2147 turns).

Qrupt the Fey Demonspawn (Demonspawn Death Knight)  Turns: 2147, Time: 00:05:27

HP   0/27        AC  8     Str 14      XL: 3   Next: 66%
MP   5/5         EV  5     Int 12      God: Yredelemnul [**....]
Gold 68          SH  0     Dex 12      Spells:  0 memorised,  2 levels left

rFire  . . .     SeeInvis .     a - +1 mace
rCold  + . .     Clarity  .     n - +0 chain mail
rNeg   . . .     Conserve .     (no shield)
rPois  .         rCorr    .     (no helmet)
rElec  .         rRot     .     (no cloak)
SustAb . .       Spirit   .     (no gloves)
rMut   .         Warding  .     (no boots)
Saprov . . .     Stasis   .     (no amulet)
MR     .....                    (no ring)
                                (no ring)

@: not resistant to hostile enchantments, extremely unstealthy
A: cold resistance 1, spiny 1
a: Animate Remains, Recall Undead Slaves, Injury Mirror, Renounce Religion


You were on level 3 of the Dungeon.
You worshipped Yredelemnul.
Yredelemnul was pleased with you.
You were very hungry.

You visited 1 branch of the dungeon, and saw 3 of its levels.

You collected 68 gold pieces.

Inventory:

Hand weapons
 a - a +1,+1 mace (weapon)
 m - a +0,+0 mace
Armour
 b - a +0 leather armour
 n - a +0 chain mail (worn)
Comestibles
 c - 3 bread rations
 d - an orange
 g - an apple
Scrolls
 f - a scroll of remove curse {unknown}
 h - a scroll of amnesia {unknown}
 k - a scroll of enchant weapon II {unknown}
 l - a scroll of fog {unknown}
Potions
 e - 4 potions of curing
 i - a potion of brilliance {unknown}
 j - a potion of degeneration {unknown}
 o - a potion of agility {unknown}
 p - a potion of paralysis {unknown}


   Skills:
 - Level 2.0 Fighting
 + Level 3.6 Maces & Flails
 - Level 0.8 Armour
 - Level 0.8 Dodging
 - Level 3.6 Invocations


You had 2 spell levels left.
You didn't know any spells.

Dungeon Overview and Level Annotations

Branches:
Dungeon (3/15)

Altars:


Innate Abilities, Weirdness & Mutations

Your flesh is cold resistant.
You are partially covered in sharp spines.


Message History

The phantom hits you but does no damage.
You closely miss the phantom.
The phantom is severely damaged.
The phantom completely misses you.
You hit the phantom.
The phantom is severely damaged.
The phantom hits you.
The phantom blinks!
You hit the phantom.
The phantom is severely damaged.
The phantom hits you.
Your chain mail prevents you from hitting the phantom.
The phantom is severely damaged.
The phantom hits you.
You barely miss the phantom.
The phantom is severely damaged.
The phantom hits you.
* * * LOW HITPOINT WARNING * * *
The phantom hits you!
You die...
Your body rises from the dead as a mindless zombie.

......###### #.#.#.#
### ........ ..#
.####.#.#.######## #.#
.................####.#
....#.#.#.#p...#......#
#..................#
##.#.#.####.######.#
#..@......#.# #.#
##p#.#.##.#.######.#
#.......#.#.#.......
##.#.#.#............
#.......#...........
##.#.#)##...........
#.......#.###.......
##.#.#.##...........
####.#.############


You could see a phantom.

Vanquished Creatures
  An adder (D:2)
  2 worms (D:2)
  A giant gecko (D:2)
  An ooze (D:1)
  2 bats (D:2)
  A hobgoblin (D:2)
  A quokka (D:3)
  A ball python (D:1)
  5 giant cockroaches
  A goblin (D:1)
  6 jackals
  3 kobolds
  3 rats
28 creatures vanquished.

Vanquished Creatures (collateral kills)
  A worm (D:2)
  A giant gecko (D:2)
  A goblin (D:2)
3 creatures vanquished.

Vanquished Creatures (others)
  A giant gecko zombie (D:2)
  A kobold zombie (D:2)
  A quokka zombie (D:3)
3 creatures vanquished.

Grand Total: 34 creatures vanquished

Notes
Turn   | Place    | Note
--------------------------------------------------------------
     0 | D:1      | Qrupt, the Demonspawn Death Knight, began the quest for the Orb.
     0 | D:1      | Reached XP level 1. HP: 16/16 MP: 2/2
   353 | D:1      | Gained mutation: Your flesh is cold resistant. [demonic ancestry]
   353 | D:1      | Reached XP level 2. HP: 13/22 MP: 4/4
  1344 | D:2      | Gained mutation: You are partially covered in sharp spines. [demonic ancestry]
  1344 | D:2      | Reached XP level 3. HP: 25/27 MP: 5/5
  1688 | D:2      | Acquired Yredelemnul's second power
  1954 | D:3      | Noticed a phantom
  2147 | D:3      | Slain by a phantom

Action                   || total
-------------------------++-------
Melee: Mace              ||   117
Invok: Animate Remains   ||     8
  Use: Potion            ||     1
